 Dungeon Crawl Stone Soup version 0.19-a0-812-g33f3bc8 (webtiles) character file.

70 Implojin the Chopper (level 4, -1/39 HPs)
             Began as a Minotaur Fighter on June 28, 2016.
             Slain by Grinder (4 damage)
             ... on level 4 of the Dungeon.
             The game lasted 00:02:22 (243 turns).

Implojin the Chopper (Minotaur Fighter)              Turns: 243, Time: 00:02:23

Health: -1/39      AC:  6    Str: 26    XL:     4   Next: 4%
Magic:  3/3        EV:  7    Int:  5    God:
Gold:   18         SH: 10    Dex: 10    Spells: 0 memorised, 3 levels left

rFire  . . .     SeeInvis .     a - +0 war axe
rCold  . . .     Gourm    .     b - +0 scale mail
rNeg   . . .     Faith    .     c - +0 shield
rPois  .         Spirit   .     (helmet restricted)
rElec  .         Dismiss  .     (no cloak)
rCorr  .         Reflect  .     (no gloves)
SustAt .         Harm     .     (no boots)
MR     .....                    (no amulet)
Stlth  ..........               (no ring)
                                (no ring)

@: mighty, not resistant to hostile enchantments, extremely unstealthy
A: retaliatory headbutt, horns 2
a: no special abilities


You were on level 4 of the Dungeon.
You were not hungry.

You visited 1 branch of the dungeon, and saw 4 of its levels.
You also visited: Sewer.

You collected 18 gold pieces.

Inventory:

Hand Weapons
 a - a +0 war axe (weapon)
Missiles
 k - 2 throwing nets (quivered)
 l - 3 tomahawks
Armour
 b - a +0 scale mail (worn)
 c - a +0 shield (worn)
Wands
 m - a wand of acid (9/15)
Scrolls
 e - a scroll of noise {unknown}
 j - a scroll of enchant armour {unknown}
Comestibles
 f - 2 bread rations
 g - a slice of pizza
 h - 5 fruits
 i - 3 chunks of flesh


   Skills:
 - Level 3.6 Fighting
 * Level 5.2 Axes
 - Level 3.6 Armour
 - Level 3.6 Shields


You had 3 spell levels left.
You didn't know any spells.

Dungeon Overview and Level Annotations

Branches:
Dungeon (4/15)
 Temple: D:4-7

Altars:
Ru

Annotations:
D:4 Grinder


Innate Abilities, Weirdness & Mutations

You reflexively headbutt those who attack you in melee.
You have a pair of horns on your head.


Message History

You feel very mighty all of a sudden.
A ball python, 2 orcs and Grinder come into view.
Found 15 gold pieces and a chain mail.
Grinder gestures at you.
Pain shoots through your body! 2 orcs, an orc priest and Grinder come into view.
You barely miss Grinder.
The orc shouts!
Grinder gestures at you.
You suddenly lose the ability to move!
Grinder hits you but does no damage.
Grinder barely misses you. 3 orcs, an orc priest and Grinder come into view.
The orc shouts!
Grinder hits you.
* * * LOW HITPOINT WARNING * * *
You writhe in agony.
* * * LOW HITPOINT WARNING * * *
The orc hits you but does no damage. Grinder hits you but does no damage.
The orc hits you.
* * * LOW HITPOINT WARNING * * *
Grinder hits you!
* * * LOW HITPOINT WARNING * * *
You can move again.
A ball python, 4 orcs, an orc priest and Grinder come into view.
You closely miss Grinder.
The orc shouts!
You hit the orc but do no damage. Grinder gestures at you.
You shrug off the repeated paralysis!
The orc hits you.
* * * LOW HITPOINT WARNING * * *
Unknown command.
You barely miss Grinder. You headbutt Grinder!
Grinder is moderately wounded.
You slash the orc priest!
The orc priest is severely wounded.
You closely miss the orc. x2; The orc hits you but does no damage.
You block the orc's attack. Grinder hits you.
* * * LOW HITPOINT WARNING * * *
You writhe in agony.
You die...

...# ...# ...#
...## # ....$.
... ####......
.S.o.###o.5(.....
#..S.oo@.......
#..#..o.!......
..........(......
# #.####......#..
#. [.#.#### # #.
####.# . .. #..


You could see Grinder, an orc priest, 4 orcs and a ball python.

Vanquished Creatures
  4 gnolls (D:2)
  An adder (D:2)
  2 worms (D:3)
  3 orcs (D:3)
  2 bats
  A giant cockroach (D:3)
  2 goblins
  A quokka (D:3)
  2 rats
18 creatures vanquished.

Notes
Turn   | Place    | Note
--------------------------------------------------------------
     0 | D:1      | Implojin the Minotaur Fighter began the quest for the Orb.
     0 | D:1      | Reached XP level 1. HP: 19/19 MP: 0/0
    34 | D:2      | Reached skill level 3 in Axes
    34 | D:2      | Reached XP level 2. HP: 20/26 MP: 1/1
    40 | D:2      | Reached skill level 4 in Axes
    40 | D:2      | Reached XP level 3. HP: 15/31 MP: 2/2
    59 | D:2      | Found a sacrificial altar of Ru.
   140 | D:3      | Reached skill level 5 in Axes
   175 | D:3      | Reached XP level 4. HP: 20/39 MP: 3/3
   182 | D:3      | Found a glowing drain.
   186 | Sewer    | Entered a sewer
   233 | D:4      | Noticed Grinder
   237 | D:4      | Paralysed by Grinder for 5 turns
   243 | D:4      | Slain by Grinder

Vault maps used:
D:1:      ncdulo_smallfort
D:2:      cheibriados_altar_1, first_bread, ecumenical_altar_1,
          nicolae_ru_awakened_eye
D:3:      gammafunk_temple_overflow_forgotten, gup_sewer_entry_bowl,
          serial_undead, serial_undead_c, serial_undead_b, serial_undead_e,
          serial_undead_c, uniq_jessica
D:4:      grunt_temple_overflow_growth_and_decay, tgw_sif, uniq_grinder
Sewer:    sewer_minmay_treatment

Skill      XL: |  1  2  3 |
---------------+----------+-----
Axes           | 3 4 5 |  5.2
Fighting       | |  3.6
Armour         | |  3.6
Shields        | |  3.6

Action                   |  1- 3 |  4- 6 || total
-------------------------+-------+-------++-------
Melee: War axe           |    38 |     8 ||    46
       Headbutt          |     7 |     2 ||     9
  Use: Potion            |       |     1 ||     1
Armor: Scale mail        |    14 |     7 ||    21
Dodge: Dodged            |     7 |     2 ||     9
Block: Shield            |    17 |     4 ||    21

Table legend:
 A = Turns spent in this place as a percentage of turns spent in the entire game.
 B = Non-inter-level travel turns spent in this place as a percentage of non-inter-level travel turns spent in the entire game.
 C = Inter-level travel turns spent in this place as a percentage of turns spent in this place.
 D = Turns resting spent in this place as a percentage of non-inter-level travel turns spent in this place.
 E = Turns spent auto-exploring this place as a percentage of non-inter-level travel turns spent in this place.
 F = Non-inter-level travel turns spent in this place divided by the number of levels of this place that you've seen.
                   A       B       C       D       E      F
               +-------+-------+-------+-------+-------+----------------------
         Total | 100.0 | 100.0 |   0.0 |   0.0 |   0.0 |  47.6
       Dungeon |  95.0 |  95.0 |   0.0 |   0.0 |   0.0 |  56.5
         Sewer |   5.0 |   5.0 |   0.0 |   0.0 |   0.0 |  12.0
               +-------+-------+-------+-------+-------+----------------------

Table legend:
 A = Kills in this place as a percentage of kills in entire the game.
 B = Kills by you in this place as a percentage of kills by you in the entire game.
 C = Kills by friends in this place as a percentage of kills by friends in the entire game.
 D = Other kills in this place as a percentage of other kills in the entire game.
 E = Experience gained in this place as a percentage of experience gained in the entire game.
 F = Experience gained in this place divided by the number of levels of this place that you have seen.
                   A       B       C       D       E      F
               +-------+-------+-------+-------+-------+----------------------
         Total | 100.0 | 100.0 |  -nan |  -nan | 100.0 |  20.2
       Dungeon | 100.0 | 100.0 |  -nan |  -nan | 100.0 |  25.2
               +-------+-------+-------+-------+-------+----------------------
